 Dungeon Crawl Stone Soup version 0.17-a0-1572-g7a1422d (webtiles) character file.

356 Chiseanne the Skirmisher (level 6, -3/47 HPs)
             Began as a Demonspawn Wanderer on July 26, 2015.
             Slain by a gnoll
             ... wielding a +0 flail
              (7 damage)
             ... on level 5 of the Dungeon.
             The game lasted 00:10:29 (4131 turns).

Chiseanne the Skirmisher (Demonspawn Wanderer)      Turns: 4131, Time: 00:10:29

Health: -3/47      AC: 11    Str: 13    XL:     6   Next: 36%
Magic:  8/9        EV:  7    Int: 14    God:
Gold:   144        SH:  8    Dex: 13    Spells: 1 memorised, 8 levels left

rFire  . . .     SeeInvis .     a - +4 hand axe
rCold  . . .     Clarity  .     n - +0 scale mail
rNeg   . . .     SustAt   .     q - +0 shield
rPois  .         Gourm    .     (no helmet)
rElec  .         Spirit   .     (no cloak)
rCorr  .         Warding  .     (no gloves)
rMut   .         Stasis   .     (no boots)
MR     .....                    u - amulet of rage
Stlth  ..........               (no ring)
                                c - +1 ring of protection

@: not resistant to hostile enchantments, extremely unstealthy
A: hooves 1, iridescent scales 1, rot immunity
a: Evoke Berserk Rage


You were on level 5 of the Dungeon.
You were not hungry.

You visited 1 branch of the dungeon, and saw 4 of its levels.

You collected 144 gold pieces.

Inventory:

Hand weapons
 a - a +4 hand axe (weapon)
 r - a +0 war axe
 w - a +0 blowgun
Missiles
 d - 18 poisoned needles
 i - 18 arrows of frost
 j - 72 arrows
 s - 3 tomahawks (quivered)
 t - 11 sling bullets
Armour
 n - a +0 scale mail (worn)
 q - a +0 shield (worn)
Jewellery
 c - a +1 ring of protection (left hand)
 u - an amulet of rage (around neck)
Scrolls
 h - a scroll of remove curse
 m - a scroll of teleportation
 o - 2 scrolls of identify
 x - a scroll of magic mapping
Potions
 e - 2 potions of curing
 l - a potion of heal wounds
Books
 y - a book of Changes

   Spells                             Type                      Level
   a - Beastly Appendage              Transmutation                1
   b - Sticks to Snakes               Transmutation                2
   c - Spider Form                    Transmutation/Poison         3
   d - Ice Form                       Ice/Transmutation            4
   e - Blade Hands                    Transmutation                5
Comestibles
 b - a meat ration
 f - 2 slices of pizza
 g - 4 bread rations
 k - a chunk of flesh
 p - 4 fruits


   Skills:
 + Level 3.4 Fighting
   Level 1.0 Long Blades
 - Level 1.0 Throwing
 * Level 2.2 Armour
 - Level 2.5 Dodging
 - Level 1.7 Stealth
 * Level 2.9 Shields
 - Level 1.0 Unarmed Combat
 * Level 2.1 Spellcasting
 + Level 1.5 Transmutations


You had 8 spell levels left.
You knew the following spells:

 Your Spells              Type           Power        Failure   Level  Hunger
a - Beastly Appendage     Trmt           #.....       100%        1    #......


Dungeon Overview and Level Annotations

Branches:
Dungeon (5/15)
 Temple: D:4-7

Altars:
Cheibriados
Dithmenos


Innate Abilities, Weirdness & Mutations

You have large cloven feet.
You are partially covered in iridescent scales (AC +4).
You are immune to rotting.


Message History

The hound bites you but does no damage.
The crimson imp blinks!
The gnoll throws a throwing net.
The throwing net hits you.
You become entangled in the net!
The gnoll hits you with a flail.
You struggle against the net.
The hound bites you but does no damage.
The worker ant bites you but does no damage.
The hound bites you but does no damage.
You try to slip out of the net.
The gnoll barely misses you. The hound bites you but does no damage.
The worker ant bites you.
You struggle against the net.
The hound bites you but does no damage.
The worker ant bites you but does no damage.
The gnoll hits you with a flail!
* * * LOW HITPOINT WARNING * * *
The hound bites you.
* * * LOW HITPOINT WARNING * * *
You cut the net and break free! You block the worker ant's attack.
The hound bites you.
* * * LOW HITPOINT WARNING * * *
The gnoll hits you but does no damage. The gnoll hits you with a flail!
You die...

... [. .. .. #.. .##
#.. ... ## #.#
#.###.. .#
#.###g...... .#
######..ghag.# .#
#...!$..@##5.....
.#############..##
.....
...............##
...[
......##.......#####
...
..................?..
..
...........(...#..#..
.
##############.......
..>..... ########


You could see a hound, a worker ant and 3 gnolls.

Vanquished Creatures
  A centaur (D:5)
  A crimson imp (D:5)
  A jelly (D:5)
  A hound (D:5)
  An orc wizard (D:3)
  A worker ant zombie (D:5)
  3 adders
  4 gnolls (D:5)
  An ooze (D:2)
  3 giant geckos
  8 orcs
  5 goblins
  5 hobgoblins (D:2)
  13 kobolds
  6 bats
  A giant cockroach (D:2)
  2 giant newts (D:2)
  10 rats
67 creatures vanquished.

Notes
Turn   | Place    | Note
--------------------------------------------------------------
     0 | D:1      | Chiseanne the Demonspawn Wanderer began the quest for the Orb.
     0 | D:1      | Chiseanne set off with: a +2 dagger, a potion of berserk rage, a +0 short sword, 8 poisoned needles, a +0 blowgun, a +0 robe, a bread ration
     0 | D:1      | Reached XP level 1. HP: 16/16 MP: 1/1
   424 | D:1      | Gained mutation: You have large cloven feet. [demonic ancestry]
   424 | D:1      | Reached XP level 2. HP: 23/23 MP: 2/2
  1872 | D:2      | Reached XP level 3. HP: 28/28 MP: 3/3
  2070 | D:2      | Found a shadowy altar of Dithmenos.
  2109 | D:2      | Reached skill level 1 in Armour
  2634 | D:2      | Learned a level 1 spell: Beastly Appendage
  2687 | D:3      | Found a snail-covered altar of Cheibriados.
  3127 | D:2      | Gained mutation: You are partially covered in iridescent scales (AC +4). [demonic ancestry]
  3127 | D:2      | Reached XP level 4. HP: 13/34 MP: 4/4
  3514 | D:3      | Reached skill level 1 in Spellcasting
  3675 | D:3      | You fall through a shaft for 2 floors!
  3675 | D:5      | Entered Level 5 of the Dungeon
  3681 | D:5      | Reached skill level 3 in Fighting
  3845 | D:5      | Reached skill level 1 in Transmutations
  3845 | D:5      | Reached XP level 5. HP: 39/41 MP: 6/6
  4114 | D:5      | Noticed a centaur
  4122 | D:5      | Gained mutation: You are immune to rotting. [demonic ancestry]
  4122 | D:5      | Reached XP level 6. HP: 29/47 MP: 8/8
  4126 | D:5      | Killed a centaur
  4131 | D:5      | Slain by a gnoll

Vault maps used:
D:1:      minmay_arrival_radiant_lines, minmay_surrounded
D:2:      grunt_dithmenos_smoke
D:3:      lemuel_crystal_altar
D:5:      corexii_shack_village, nicolae_overflow_hidden_temple, first_bread

Action                   |  1- 3 |  4- 6 || total
-------------------------+-------+-------++-------
Melee: Dagger            |   167 |       ||   167
       Hand axe          |    21 |    75 ||    96
 Fire: Blowgun           |     2 |       ||     2
  Use: Scroll            |     8 |       ||     8
       Potion            |       |     1 ||     1
 Stab: Sleeping          |     1 |       ||     1
  Eat: Chunk             |     7 |     4 ||    11
